 Dungeon Crawl Stone Soup version 0.29.1-1-gd02db6906a (webtiles) character file.

Game seed: 10591777443436944850

38381 Zeld the Severer (level 13, -12/183 HPs)
             Began as a Minotaur Berserker on Oct 14, 2022.
             Was a High Priest of Trog.
             Mangled by a white ugly thing (26 damage)
             ... on level 14 of the Dungeon.
             The game lasted 00:25:28 (23278 turns).

Zeld the Severer (Minotaur Berserker)              Turns: 23278, Time: 00:25:29

Health: -12/183    AC: 17    Str: 37    XL:     13   Next: 63%
Magic:  12/12      EV:  8    Int:  4    God:    Trog [*****.]
Gold:   146        SH:  9    Dex: 10    Spells: 12/12 levels left

rFire   . . .      SeeInvis .   a - +1 broad axe (venom)
rCold   . . .      Faith    .   H - +0 tower shield
rNeg    + . .      Spirit   .   b - +0 plate armour
rPois   .          Reflect  .   (helmet restricted)
rElec   .          Harm     .   l - scarf {+Inv}
rCorr   .          Rampage  .   q - +0 pair of gloves "Gijut" {rN+ Str+4 Stlth+}
Will    .....                   (no boots)
Stlth   ..........              (no amulet)
HPRegen 0.40/turn               C - +6 ring of strength
MPRegen 0.13/turn               (no ring)

@: berserking, unable to drink, very quick
A: horns 2, retaliatory headbutt, inability to drink after injury 1
a: Renounce Religion, Evoke Invisibility, Berserk, Trog's Hand, Brothers in Arms


You were on level 14 of the Dungeon.
You worshipped Trog.
Trog was extremely pleased with you.
You visited 3 branches of the dungeon, and saw 17 of its levels.
You also visited: Bailey.

You collected 1014 gold pieces.
You spent 868 gold pieces at shops.

Inventory:

Hand Weapons
 a - a +1 broad axe of venom (weapon)
Armour
 b - a +0 plate armour (worn)
 l - a scarf of invisibility (worn)
 q - the +0 pair of gloves "Gijut" (worn) {rN+ Str+4 Stlth+}
   (You found it on level 4 of the Dungeon)

   Str:       It affects your strength (+4).
   rN:        It protects you from negative energy.
   Stlth:     It makes you more stealthy.
 H - a +0 tower shield (worn)
Jewellery
 s - a +6 ring of dexterity
 C - a +6 ring of strength (left hand)
Wands
 p - a wand of paralysis (13)
 w - a wand of flame (33)
Scrolls
 f - 5 scrolls of identify
 h - 10 scrolls of teleportation
 t - a scroll of acquirement {unknown}
 x - 5 scrolls of enchant armour
 y - 3 scrolls of blinking
 z - a scroll of magic mapping
 A - a scroll of silence
 B - 4 scrolls of fear
 F - a scroll of torment {unknown}
Potions
 c - 3 potions of ambrosia {unknown}
 d - 16 potions of curing
 e - 4 potions of berserk rage {unknown}
 g - a potion of lignification {unknown}
 j - 4 potions of invisibility
 k - a potion of flight {unknown}
 m - 3 potions of haste {unknown}
 n - 7 potions of heal wounds
 o - 2 potions of resistance {unknown}
 r - 5 potions of attraction {unknown}
 u - 3 potions of mutation {unknown}
 v - 2 potions of cancellation {unknown}
 D - 3 potions of brilliance {unknown}
 E - a potion of degeneration {unknown}
 G - a potion of might
Miscellaneous
 i - a box of beasts


   Skills:
 + Level 13.3 Fighting
 * Level 17.9 Axes
 + Level 13.0 Armour
 + Level 12.0 Dodging


You had 12 spell levels left.
You didn't know any spells.
Your spell library was empty.

Dungeon Overview and Level Annotations

Branches:
Dungeon (14/15)            Temple (1/1) D:4            Lair (2/5) D:9
  Snake (0/4) Lair:2          Orc (0/2) D:10         Vaults (0/5) D:14
 Bailey (visited)
  Swamp: Lair:2-3    Shoals: Lair:2-3

Altars:
Ashenzari
Cheibriados
Dithmenos
Elyvilon
Fedhas
Gozag
Hepliaklqana
Kikubaaqudgha
Makhleb
Nemelex Xobeh
Okawaru
Qazlal
Ru
Sif Muna
Trog
Uskayaw
Vehumet
Wu Jian
Xom
Yredelemnul
Zin
The Shining One

Shops:
D:3 [:   D:9 [   D:13 *

Annotations:
D:12 3 runed translucent doors, xian's ghost, journeyman DrIE


Innate Abilities, Weirdness & Mutations

You have a pair of horns on your head.
You reflexively headbutt those who attack you in melee.
You occasionally lose the ability to drink potions when taking damage.


Message History

The red ugly thing is heavily wounded.
You barely miss the purple ugly thing.
Unknown command.
You closely miss the red ugly thing.
The red ugly thing is heavily wounded.
You barely miss the purple ugly thing. The purple ugly thing headbutts you.
The red ugly thing headbutts you!
You are engulfed in flames!!
You feel threatened and lose the ability to drink potions!
Unknown command.
You are too injured to fight recklessly!
Unknown command.
You are too injured to fight recklessly!
Unknown command.
You are too injured to fight recklessly!
A red film seems to cover your vision as you go berserk!
You feel yourself moving faster!
You feel mighty! The white ugly thing engulfs you.
The white ugly thing freezes you!!
* * * LOW HITPOINT WARNING * * *
The purple ugly thing basks in the mutagenic energy from its kin and changes!
The red ugly thing headbutts you.
* * * LOW HITPOINT WARNING * * *
You are engulfed in flames!
* * * LOW HITPOINT WARNING * * *
You slice the white ugly thing!!
The white ugly thing looks as sick as possible!
The white ugly thing is severely wounded.
You slice the red ugly thing!! You hit the red ugly thing.
The red ugly thing looks as sick as possible!
The white ugly thing barely misses you. You furiously retaliate!
You headbutt the white ugly thing! You block the red ugly thing's attack.
You closely miss the white ugly thing.
The white ugly thing is almost dead.
You slice the red ugly thing!!
The red ugly thing looks as sick as possible!
You hit the red ugly thing.
The red ugly thing looks as sick as possible!
The white ugly thing engulfs you!
* * * LOW HITPOINT WARNING * * *
The white ugly thing freezes you!!
You die...

#.........# #.. #.........#
#.. #.........# #..
##+######## #.. *,,,,,***
### *****,,,* #########+**
################.u......,,*
...............'@u......,,*
################.u......,,*
#........,,* #........,,*
#........,,* #........,,*
#........,,* #..$.....,,*
#### ****+******* #...


You could see 3 ugly things.

Vanquished Creatures
  Frances (D:12)
  Louise (D:14)
  A fire dragon (D:14)
  Josephine (D:14)
  Snorg (D:11)
  Harold (Lair:2)
  An ice dragon (D:14)
  4 boulder beetles
  A centaur warrior (D:13)
  5 two-headed ogres
  Nergalle (Lair:2)
  A deep elf zephyrmancer (D:9)
  An orc knight (Bailey)
  An ugly thing (D:13)
  2 cyclopes
  An elephant (D:9)
  Joseph (D:9)
  A gargoyle (D:12)
  3 cane toads
  A cane toad (shapeshifter) (D:14)
  Maggie (D:8)
  2 rime drakes
  2 unseen horrors
  An efreet (D:14)
  2 polar bears (D:13)
  4 trolls
  A meliai (shapeshifter) (D:14)
  5 blink frogs (Lair:2)
  A water elemental (D:13)
  2 vampires
  19 yaks
  4 shadows
  A fire bat (shapeshifter) (D:14)
  2 wyverns
  5 wraiths
  4 basilisks
  11 vampire mosquitoes
  Grum (D:8)
  3 nagas (Lair:2)
  An acid dragon (D:13)
  2 water moccasins
  12 orc warriors
  5 ice beasts
  4 black bears
  A meliai simulacrum (D:13)
  A sky beast (D:7)
  6 wolves
  An ogre (D:5)
  4 centaurs
  3 kobold brigands
  A bullfrog (D:7)
  2 necrophages
  3 scorpions (D:5)
  4 wights (D:7)
  4 jellies
  10 killer bees
  6 howler monkeys
  An electric eel (D:13)
  A lava snake (D:11)
  4 hounds
  8 orc priests
  2 gnoll boudas
  4 iguanas
  5 orc wizards
  10 adders
  12 gnolls
  2 shadow imps
  3 white imps
  2 ufetubi
  A worm (D:2)
  3 dart slugs
  45 orcs
  6 ball pythons
  5 endoplasms
  3 giant cockroaches
  5 goblins
  2 hobgoblins
  3 jackals (D:1)
  15 kobolds
  3 quokkas
  6 bats
  5 frilled lizards
  5 rats
332 creatures vanquished.

Vanquished Creatures (others)
  5 fungi
  12 plants
17 creatures vanquished.

Grand Total: 349 creatures vanquished

Notes
Turn   | Place    | Note
-------+----------+-------------------------------------------
     0 | D:1      | Zeld the Minotaur Berserker began the quest for the Orb.
     0 | D:1      | Reached XP level 1. HP: 19/19 MP: 0/0
   140 | D:1      | You fall into a shaft and drop 1 floor!
   191 | D:2      | Reached XP level 2. HP: 27/27 MP: 1/1
   201 | D:2      | Reached skill level 4 in Axes
   585 | D:2      | Reached XP level 3. HP: 32/33 MP: 2/2
  1098 | D:1      | Reached ** piety under Trog
  1638 | D:2      | Found a faded altar of an unknown god.
  1908 | D:2      | Reached XP level 4. HP: 40/40 MP: 3/3
  1975 | D:3      | Found a basalt altar of Yredelemnul.
  2041 | D:3      | Found Epnezonk's Armour Shoppe.
  2140 | D:3      | Found a bloodstained altar of Trog.
  2156 | D:3      | Reached skill level 5 in Axes
  2333 | D:3      | Found Zin's Purification Station.
  2336 | D:3      | Found a glowing silver altar of Zin.
  2339 | D:3      | Bought a potion of curing for 90 gold pieces
  2425 | D:3      | Reached XP level 5. HP: 47/47 MP: 4/4
  2659 | D:3      | Found Ocit's Book Boutique.
  3014 | D:4      | Identified the +0 pair of gloves "Gijut" {rN+ Str+4 Stlth+}
  3203 | D:4      | Found a glowing golden altar of the Shining One.
  3214 | D:4      | Reached XP level 6. HP: 44/55 MP: 5/5
  3307 | D:4      | Found a staircase to the Ecumenical Temple.
  3316 | Temple   | Entered the Ecumenical Temple
  4053 | D:5      | Entered Level 5 of the Dungeon
  4087 | D:5      | Found Kauphauj's Magic Scroll Shoppe.
  4095 | D:5      | Bought a scroll of identify for 28 gold pieces
  4095 | D:5      | Bought a scroll of identify for 28 gold pieces
  4095 | D:5      | Bought a scroll of teleportation for 42 gold pieces
  4095 | D:5      | Bought a scroll of teleportation for 42 gold pieces
  4106 | D:5      | Reached skill level 5 in Fighting
  4106 | D:5      | Reached skill level 6 in Axes
  4512 | D:5      | Reached XP level 7. HP: 18/61 MP: 6/6
  4557 | D:5      | Reached skill level 7 in Axes
  4754 | D:5      | Reached skill level 5 in Armour
  4948 | D:5      | Found a white marble altar of Elyvilon.
  5138 | D:6      | Reached *** piety under Trog
  5487 | D:6      | Reached skill level 5 in Dodging
  5487 | D:6      | Reached XP level 8. HP: 13/70 MP: 7/7
  5868 | D:6      | Reached skill level 8 in Axes
  6196 | D:6      | Found a blossoming altar of Fedhas.
  6501 | D:6      | Reached skill level 9 in Axes
  6613 | D:6      | Found a stormy altar of Qazlal.
  6996 | D:5      | Bought a scroll of enchant armour for 105 gold pieces
  7589 | D:7      | HP: 3/73 [centaur/bolt (20)]
  7916 | D:7      | Reached XP level 9. HP: 38/79 MP: 8/8
  8245 | D:7      | Found a burning altar of Makhleb.
  8424 | D:7      | Found an ornate altar of the Wu Jian Council.
  8552 | D:7      | Reached skill level 10 in Axes
  8781 | D:5      | Bought a scroll of blinking for 105 gold pieces
  9457 | D:8      | Noticed Grum
  9793 | D:8      | Reached skill level 11 in Axes
 10077 | D:8      | Killed Grum
 10273 | D:8      | Found an opulent altar of Gozag.
 10273 | D:8      | Noticed Maggie
 10842 | D:8      | Killed Maggie
 10843 | D:8      | Reached XP level 10. HP: 90/90 MP: 9/9
 11027 | D:8      | Found a snail-covered altar of Cheibriados.
 11235 | D:9      | Found a flagged portal.
 11244 | Bailey   | Entered a bailey
 12399 | Bailey   | Reached skill level 12 in Axes
 12427 | Bailey   | Noticed an orc knight
 12435 | Bailey   | Killed an orc knight
 12695 | D:9      | Reached skill level 10 in Fighting
 12695 | D:9      | Reached skill level 14 in Axes
 12695 | D:9      | Reached skill level 10 in Armour
 12695 | D:9      | Reached XP level 11. HP: 101/101 MP: 10/10
 12735 | D:9      | Noticed Joseph
 12755 | D:9      | Killed Joseph
 12789 | D:9      | Noticed a two-headed ogre
 12796 | D:9      | Reached **** piety under Trog
 12801 | D:9      | Killed a two-headed ogre
 13129 | D:9      | Found a staircase to the Lair.
 13209 | D:9      | Found Fiekimm's Armour Shoppe.
 13356 | D:9      | Noticed a deep elf zephyrmancer
 13361 | D:9      | Killed a deep elf zephyrmancer
 13573 | D:9      | Found a shimmering blue altar of Sif Muna.
 13828 | D:10     | Entered Level 10 of the Dungeon
 13842 | D:10     | Reached skill level 15 in Axes
 13842 | D:10     | Reached skill level 10 in Dodging
 13845 | D:10     | Reached XP level 12. HP: 110/110 MP: 11/11
 14097 | D:10     | Found a staircase to the Orcish Mines.
 14236 | D:10     | Identified the +1 chain mail of Impressiveness {rElec Will+
                  | Dex+5}
 14339 | D:10     | Found a hazy altar of Hepliaklqana.
 14339 | D:10     | Found a shadowy altar of Dithmenos.
 14406 | D:10     | Found a broken altar of Ashenzari.
 14996 | D:5      | Bought a scroll of blinking for 105 gold pieces
 14996 | D:5      | Bought a scroll of brand weapon for 133 gold pieces
 15080 | Lair:1   | Entered Level 1 of the Lair of Beasts
 15080 | Lair:1   | You fall into a shaft and drop 1 floor!
 15107 | Lair:2   | Reached ***** piety under Trog
 15386 | Lair:2   | Noticed Nergalle
 15390 | Lair:2   | Noticed Harold
 15398 | Lair:2   | Killed Nergalle
 15403 | Lair:2   | Killed Harold
 15589 | Lair:2   | Found a staircase to the Snake Pit.
 16123 | Lair:1   | Noticed a seven-headed hydra
 16378 | D:11     | Reached skill level 16 in Axes
 16546 | D:11     | Noticed Snorg
 16553 | D:11     | Killed Snorg
 16891 | D:11     | Noticed a boulder beetle
 16903 | D:11     | Killed a boulder beetle
 17267 | D:11     | Noticed a two-headed ogre
 17273 | D:11     | Killed a two-headed ogre
 17402 | D:11     | Noticed a two-headed ogre
 17407 | D:11     | Killed a two-headed ogre
 18463 | D:12     | Found a radiant altar of Vehumet.
 18585 | D:12     | Noticed a boulder beetle
 18595 | D:12     | Killed a boulder beetle
 19006 | D:12     | Found a runed translucent gate.
 19006 | D:12     | Found a runed translucent gate.
 19006 | D:12     | Found a runed translucent gate.
 19007 | D:12     | Noticed a tengu warrior
 19007 | D:12     | Noticed a centaur warrior
 19007 | D:12     | Noticed a naga warrior
 19008 | D:12     | Noticed a tengu warrior
 19012 | D:12     | Noticed xian's ghost (journeyman DrIE)
 19076 | D:12     | Noticed a boulder beetle
 19080 | D:12     | Reached XP level 13. HP: 107/119 MP: 12/12
 19085 | D:12     | Noticed Frances
 19856 | D:12     | Killed Frances
 19857 | D:12     | Reached skill level 17 in Axes
 20233 | D:12     | Found an iron altar of Okawaru.
 20636 | D:13     | Found Vocwu's General Store.
 20656 | D:13     | Bought a scroll of identify for 38 gold pieces
 21589 | D:13     | Bought a potion of invisibility for 152 gold pieces
 21650 | D:14     | Found a gate to the Vaults.
 21650 | D:14     | Noticed Louise
 21651 | D:14     | Gained mutation: You occasionally lose the ability to drink
                  | potions when taking damage. [a shining eye]
 22130 | D:14     | Noticed a fire dragon
 22142 | D:14     | Killed a fire dragon
 22262 | D:14     | Noticed Josephine
 22271 | D:14     | Killed Josephine
 22744 | D:14     | Killed Louise
 23278 | D:14     | Mangled by a white ugly thing

Illustrated notes

Levels and vault maps discovered:
D:1:      minmay_arrival_solitary_statue, layout_basic, roderic_roman_lattice
D:2:      layout_basic, dreamdust_ecumenical_altar_hidden_monk_grotto,
          minmay_misc_feat_four_crosses
D:3:      layout_basic, overflow_temple_1_default,
          mainiacjoe_overflow_small_starburst, zin_purify, serial_shops, shop,
          shop
D:4:      layout_basic, mainiacjoe_overflow_paths,
          minmay_temple_entry_statues_pillars, kennysheep_generic_room_3
D:5:      minmay_skewed_foursquare, layout_basic, elyvilon_altar_4,
          serial_shops, shop, bh_walls_and_bars
D:6:      layout_loops_ring, kennysheep_mini, fedhas_bush_and_centaur_altar,
          serial_bayou_pond_a, chequers_decorated_corner
D:7:      layout_loops_ring, kennysheep_mini_moat, bloody_makhleb
D:8:      layout_rooms, mainiacjoe_overflow_brackets, lemuel_tele_altar,
          minmay_stone_trees_medium, uniq_grum, uniq_maggie
D:9:      layout_loops_ring, mainiacjoe_overflow_catwalk, david_lair_generic,
          serial_shops, shop, enter_bailey_2, guppyfry_early_elven_hall,
          uniq_joseph
D:10:     layout_cave_pools, riverfiend_overflow_shadow_ancestor,
          nicolae_overflow_crystal_walls, david_orc_5
D:11:     layout_basic, kennysheep_opposing_triangles, uniq_snorg
D:12:     layout_basic, gammafunk_ghost_fury_of_okawaru, fiery_altar_vehumet,
          uniq_frances
D:13:     layout_basic, serial_ice, serial_ice_g, serial_ice_l, serial_ice_f,
          serial_ice_h, serial_shops, shop
D:14:     layout_roguey, david_vaults_2, portal_ice_cave_entry_dragon,
          uniq_josephine, uniq_louise
Temple:   hellmonk_temple_beads
Lair:1:   beast_lair_carwin_large_3, layout_regular_city
Lair:2:   layout_regular_city, guppyfry_snake_entry_garden,
          gammafunk_ghost_hydra_chop, cheibrodos_lair_lostbears,
          lemuel_fruit_tree, uniq_nergalle, uniq_harold

Skill      XL: |  1  2  3  4  5  6  7  8  9 10 11 12 13 |
---------------+----------------------------------------+-----
Axes           | 4 5 6 7 9 11 14 15 16 17 | 17.9
Fighting       | 4 5 6 7 8 10 11 12 13 | 13.3
Armour         | 3 4 5 6 8 10 12 13 | 13.0
Dodging        | 3 4 5 6 7 9 10 11 12 | 12.0

Action                   |  1- 3 |  4- 6 |  7- 9 | 10-12 | 13-15 || total
-------------------------+-------+-------+-------+-------+-------++-------
Melee: Hand axe          |    68 |   124 |    12 |       |       ||   204
       Headbutt          |     9 |    22 |    24 |    51 |    41 ||   147
       Punch             |     3 |     2 |     1 |     5 |     2 ||    13
       War axe           |       |       |   152 |       |       ||   152
       Broad axe         |       |       |       |   304 |   169 ||   473
Invok: Berserk           |     1 |     1 |    12 |     6 |     4 ||    24
       Trog's Hand       |       |     1 |       |     1 |       ||     2
  Use: Scroll            |       |       |       |    13 |     2 ||    15
       Potion            |       |       |       |     1 |       ||     1
 Stab: Sleeping          |       |     2 |     4 |     1 |       ||     7
       Distracted        |       |       |     1 |       |       ||     1
Armor: Animal skin       |    15 |    22 |    31 |     9 |       ||    77
       Plate armour      |       |       |       |   171 |    88 ||   259
Dodge: Dodged            |    41 |    78 |   146 |   194 |    88 ||   547
Block: Tower shield      |       |       |       |       |     3 ||     3
